 Dungeon Crawl Stone Soup version 0.31-a0-692-gf03d1854d5 (webtiles) character file.

Game seed: 5699405316232897117

9 Essalna the Conjurer (level 2, 19/19 HPs)
             Began as a Demonspawn Conjurer on Sept 7, 2023.
             Got out of the dungeon alive.
             The game lasted 00:00:47 (313 turns).

Essalna the Conjurer (Demonspawn Conjurer)           Turns: 313, Time: 00:00:47

Health: 19/19      AC:  3    Str:  7    XL:     2   Next: 3%
Magic:  5/5        EV: 12    Int: 19    God:
Gold:   17         SH:  0    Dex: 11    Spells: 4/5 levels left

rFire   . . .        i - +2 lajatang (venom)
rCold   . . .        (shield currently unavailable)
rNeg    . . .        a - +0 robe
rPois   .            (helmet restricted)
rElec   .            f - +0 cloak
rCorr   .            (no gloves)
SInv    .            (no boots)
Will    .....        (no amulet)
Stlth   ++           (no ring)
HPRegen 0.23/turn    (no ring)
MPRegen 0.09/turn

%: no passive effects
@: no status effects
A: horns 1
a: no special abilities


You escaped.
You visited 1 branch of the dungeon, and saw 1 of its levels.

You collected 17 gold pieces.

Inventory:

Hand Weapons
 c - a +0 rapier
 i - a +2 lajatang of venom (weapon)
Armour
 a - a +0 robe (worn)
 f - a +0 cloak (worn)
Scrolls
 g - a scroll of blinking {unknown}
 h - a scroll of identify {unknown}
Potions
 b - a potion of magic
 d - a potion of curing {unknown}
 e - a potion of enlightenment {unknown}


   Skills:
 + Level 2.0 Dodging
 + Level 2.0 Stealth
 + Level 2.1 Spellcasting
 + Level 4.1 Conjurations


You had 4 spell levels left.
You knew the following spells:

 Your Spells              Type           Power      Damage    Failure   Level
a - Magic Dart            Conj           68%        1d6       3%          1

Your spell library contained the following spells:

 Spells                   Type           Power      Damage    Failure   Level
 Searing Ray              Conj           34%        2d5       4%          2
 Dazzling Flash           Conj/Hex       18%        N/A       22%         3
 Fulminant Prism          Conj/Hex       4%         3d5       56%         4
 Iskenderun's Mystic Bla  Conj/Tloc      9%         2d4       56%         4


Dungeon Overview and Level Annotations

Branches:
Dungeon (1/15)

Altars:


Innate Abilities, Weirdness & Mutations

You have a pair of small horns on your head.


Message History

No target in view!
You now have 17 gold pieces (gained 6).
Key pressed, stopping explore.
g - a scroll labelled UCAOTA ETEBLEL
h - a scroll labelled WYOKHE ZAACK Key pressed, stopping explore.
You see here a +2 lajatang of venom.
You open the door.
There is an open door here.
You open the door.
Found a stone staircase leading down.
No target in view!
There is an open door here.
You see here a +2 lajatang of venom.
i - a +2 lajatang of venom Your +2 lajatang of venom begins to drip with poison!
i - a +2 lajatang of venom (weapon)
A kobold comes into view. It is wielding a +0 dagger.
The kobold shouts!
The kobold throws a stone.
The stone barely misses you.
Found a sling and a scroll labelled WYOKHE ZAACK.
An endoplasm comes into view.
You closely miss the kobold. The kobold barely misses you.
The endoplasm quivers.
You slash the endoplasm!
You kill the endoplasm!
The kobold barely misses you. The kobold completely misses you.
Your Dodging skill increases to level 2!
You have reached level 2!
You feel monstrous as your demonic heritage exerts itself.
Your demonic ancestry asserts itself...
A pair of horns grows on your head!
You closely miss the kobold. The kobold hits you with a +0 dagger.
You hit the kobold.
You kill the kobold!
No target in view!
No target in view!
No target in view!
There is a staircase leading out of the dungeon here.
You have escaped!

.# #†# ####.########...# #.#
#.####.......###.....### #.#
#........⌠........÷....# #.#
#####..⌠...⌠..##.......# # #.#
##.......####..##..# ###.#
##..⌠..## ##.....# ....#
##...## ####..# ....##
####...#### #..#
.....#######....@....#######..#
...#.#.....................#..#
####.#..⌠....⌠.....⌠....⌠..#..#
#.#.....⌠....#....⌠.....#..#
#.##..⌠....#####....⌠..##..#
#..##.[..### ###..(.##...#
##.###>### ###>##..#.#
#.###################..##.#
#....##...................#


There were no monsters in sight!

Vanquished Creatures
  A ball python (D:1)
  A bat (D:1)
  An endoplasm (D:1)
  A hobgoblin (D:1)
  2 kobolds (D:1)
  2 rats (D:1)
8 creatures vanquished.

Notes
Turn   | Place    | Note
-------+----------+-------------------------------------------
     0 | D:1      | Essalna the Demonspawn Conjurer began the quest for the
                  | Orb.
     0 | D:1      | Reached XP level 1. HP: 13/13 MP: 3/3
   256 | D:1      | Discovered your monstrous ancestry.
   256 | D:1      | Gained mutation: You have a pair of small horns on your
                  | head. [demonic ancestry]
   256 | D:1      | Reached XP level 2. HP: 19/19 MP: 5/5
   313 | D:$      | Got out of the dungeon alive.

Illustrated notes

Levels and vault maps discovered:
D:1:      dpeg_arrival_leaves_temple_mockup, layout_basic,
          chequers_ecumenical_altar_twisty, minmay_pentomino_p4

Skill      XL: |  1 |
---------------+----+-----
Stealth        | 2 |  2.0
Dodging        | 2 |  2.0
Spellcasting   | |  2.1
Conjurations   | |  4.1

Action                     || total
---------------------------++-------
  Melee: Rapier            ||     7
         Lajatang          ||     4
   Cast: Magic Dart        ||     6
 Armour: Robe              ||     4
  Dodge: Dodged            ||    12

Table legend: (Time is in decaauts)
 A = Elapsed time spent in this place.
 B = Non-inter-level travel time spent in this place.
 C = Inter-level travel time spent in this place.
 D = Time resting spent in this place.
 E = Time spent auto-exploring this place.
 F = Levels seen in this place.
 G = Mean time per level.
                   A        B        C        D        E       F      G
               +--------+--------+--------+--------+--------+-----+--------+
         Total |    315 |    261 |     54 |      0 |    174 |   1 |  315.0 |
       Dungeon |    315 |    261 |     54 |      0 |    174 |   1 |  315.0 |
               +--------+--------+--------+--------+--------+-----+--------+

Top non-repeatable levels by time:
     D:1: 315 daAuts
